TOP OF THE 1ST |
Canton Indians batting - Pitching for New Jersey Devils : RHP Dan Mathews
|
Pitching: RHP Dan Mathews
|
|
Batting: RHB George Wagner
|
0-0: Called Strike 0-1: Ball 1-1: Swinging Strike 1-2: Foul Ball, location: 2F 1-2: Ball 2-2: Strikes out looking
|
Batting: RHB Tacito Carreiro
|
0-0: Ball 1-0: Called Strike 1-1: Ground out 6-3 (Groundball, 6, EV 75.6 MPH)
|
Batting: RHB Aaron Stout
|
0-0: SINGLE (Groundball, 6MD, EV 95.6 MPH)
|
Batting: LHB Sergei Stefanov
|
0-0: Called Strike 0-1: Swinging Strike 0-2: Ball 1-2: Strikes out swinging
|
Top of the 1st over - 0 runs, 1 hit, 0 errors, 1 left on base; Canton 0 - New Jersey 0 |
BOTTOM OF THE 1ST |
New Jersey Devils batting - Pitching for Canton Indians : LHP Enrique Espinoza
|
Pitching: LHP Enrique Espinoza
|
|
Batting: SHB Tyler Maddux
|
0-0: Ball 1-0: Called Strike 1-1: Ball 2-1: Ball 3-1: Fly out, F9 (Line Drive, 89M, EV 108.8 MPH)
|
Batting: RHB Bill Crogan
|
0-0: Ball 1-0: Called Strike 1-1: Foul Ball, location: 2F 1-2: Foul Ball, location: 2F 1-2: SINGLE (Line Drive, 89S, EV 101.2 MPH)
|
Batting: RHB Chris Artz
|
0-0: Swinging Strike 0-1: Swinging Strike 0-2: Ball 1-2: Ball 2-2: Strikes out swinging
|
Batting: RHB Jim Freels
|
0-0: Ball 1-0: Called Strike 1-1: Foul Ball, location: 2F 1-2: Fielders Choice at 2nd, 6-4 (Groundball, 6, EV 103.8 MPH)
|
Bottom of the 1st over - 0 runs, 1 hit, 0 errors, 1 left on base; Canton 0 - New Jersey 0 |
TOP OF THE 2ND |
Canton Indians batting - Pitching for New Jersey Devils : RHP Dan Mathews
|
Batting: RHB Leo Villa
|
0-0: Ball 1-0: Ball 2-0: Called Strike 2-1: Swinging Strike 2-2: Strikes out swinging, 2-3 out at first.
|
Batting: SHB Luis de Leon
|
0-0: Swinging Strike 0-1: Ball 1-1: Called Strike 1-2: Ball 2-2: Ground out 4-3 (Groundball, 4D, EV 86.2 MPH)
|
Batting: RHB Patrick Pinault
|
0-0: Called Strike 0-1: Fly out, F8 (Flyball, 8RD, EV 98.8 MPH)
|
Top of the 2nd over - 0 runs, 0 hits, 0 errors, 0 left on base; Canton 0 - New Jersey 0 |
BOTTOM OF THE 2ND |
New Jersey Devils batting - Pitching for Canton Indians : LHP Enrique Espinoza
|
Batting: RHB Craig Alvarado
|
0-0: Ball 1-0: Ball 2-0: Ball 3-0: Called Strike 3-1: SINGLE (Line Drive, 8RS, EV 97.5 MPH)
|
Batting: RHB Sergio Andrada
|
0-0: Ball 1-0: Foul Ball, location: 2F 1-1: Ground out 5-3 (Groundball, 56, EV 105.0 MPH) Craig Alvarado to second
|
Batting: SHB Ernesto Mazas
|
0-0: Foul Ball, location: 2F 0-1: Called Strike 0-2: Strikes out looking
|
Batting: RHB Oscar Ramirez
|
0-0: Foul Ball, location: 2F 0-1: Swinging Strike 0-2: Foul Ball, location: 2F 0-2: Ball 1-2: Foul Ball, location: 2F 1-2: Strikes out swinging
|
Bottom of the 2nd over - 0 runs, 1 hit, 0 errors, 1 left on base; Canton 0 - New Jersey 0 |
TOP OF THE 3RD |
Canton Indians batting - Pitching for New Jersey Devils : RHP Dan Mathews
|
Batting: RHB Russ Kennett
|
0-0: Ball 1-0: Ball 2-0: Called Strike 2-1: Called Strike 2-2: Strikes out swinging
|
Batting: RHB Tony Gonzales
|
0-0: Ground out 4-3 (Groundball, 4S, EV 80.6 MPH)
|
Batting: RHB George Wagner
|
0-0: Ball 1-0: Ball 2-0: Ball 3-0: Called Strike 3-1: Reached on error, E5 (Groundball, 56S, EV 82.5 MPH)
|
Batting: RHB Tacito Carreiro
|
0-0: Ball 1-0: Foul Ball, location: 2F 1-1: Ball 2-1: Swinging Strike 2-2: Ball 3-2: Base on Balls
|
Batting: RHB Aaron Stout
|
0-0: Called Strike 0-1: Ball 1-1: Ball 2-1: Ball 3-1: Called Strike 3-2: Fly out, F7 (Flyball, 7LS, EV 91.2 MPH)
|
Top of the 3rd over - 0 runs, 0 hits, 1 error, 2 left on base; Canton 0 - New Jersey 0 |
BOTTOM OF THE 3RD |
New Jersey Devils batting - Pitching for Canton Indians : LHP Enrique Espinoza
|
Batting: RHB Carlos Saldivar
|
0-0: Called Strike 0-1: Foul Ball, location: 2F 0-2: Strikes out swinging
|
Batting: SHB Tyler Maddux
|
0-0: Called Strike 0-1: Ball 1-1: Ball 2-1: Ball 3-1: Called Strike 3-2: Foul Ball, location: 2F 3-2: Base on Balls
|
Batting: RHB Bill Crogan
|
0-0: Ball 1-0: Called Strike 1-1: Called Strike 1-2: Ball 2-2: Strikes out swinging
|
Batting: RHB Chris Artz
|
0-0: Foul Ball, location: 2F 0-1: Ball Tyler Maddux steals 2nd, throwing error, E2 Tyler Maddux to third 1-1: Swinging Strike 1-2: Foul Ball, location: 2F 1-2: Foul Ball, location: 2F 1-2: Strikes out looking
|
Bottom of the 3rd over - 0 runs, 0 hits, 1 error, 1 left on base; Canton 0 - New Jersey 0 |
TOP OF THE 4TH |
Canton Indians batting - Pitching for New Jersey Devils : RHP Dan Mathews
|
Batting: LHB Sergei Stefanov
|
0-0: Ball 1-0: Ball 2-0: Ball 3-0: Called Strike 3-1: Called Strike 3-2: Base on Balls
|
Batting: RHB Leo Villa
|
0-0: Ball 1-0: Called Strike 1-1: Foul Ball, location: 2F 1-2: Foul Ball, location: 2F 1-2: Strikes out swinging
|
Batting: SHB Luis de Leon
|
0-0: Called Strike 0-1: Foul Ball, location: 2F 0-2: Strikes out looking
|
Batting: RHB Patrick Pinault
|
0-0: Called Strike 0-1: Called Strike 0-2: Foul Ball, location: 2F 0-2: Ball 1-2: Strikes out swinging
|
Top of the 4th over - 0 runs, 0 hits, 0 errors, 1 left on base; Canton 0 - New Jersey 0 |
BOTTOM OF THE 4TH |
New Jersey Devils batting - Pitching for Canton Indians : LHP Enrique Espinoza
|
Batting: RHB Jim Freels
|
0-0: Ball 1-0: Called Strike 1-1: Swinging Strike 1-2: Ball 2-2: Ball 3-2: Strikes out swinging
|
Batting: RHB Craig Alvarado
|
0-0: Foul Ball, location: 2F 0-1: Ball 1-1: Ball 2-1: Called Strike 2-2: Ball 3-2: Base on Balls
|
Batting: RHB Sergio Andrada
|
0-0: Called Strike 0-1: Ball 1-1: Grounds into double play, 4-6-3 (Groundball, 34, EV 98.1 MPH)
|
Bottom of the 4th over - 0 runs, 0 hits, 0 errors, 0 left on base; Canton 0 - New Jersey 0 |
TOP OF THE 5TH |
Canton Indians batting - Pitching for New Jersey Devils : RHP Dan Mathews
|
Batting: RHB Russ Kennett
|
0-0: Fly out, F5 (Popup, 5SF, EV 79.4 MPH)
|
Batting: RHB Tony Gonzales
|
0-0: Ball 1-0: SINGLE (Groundball, 4MD, EV 98.1 MPH)
|
Batting: RHB George Wagner
|
0-0: Ball 1-0: DOUBLE (Flyball, 8LXD, EV 97.5 MPH) Tony Gonzales to third Runner from 3rd tries for Home, SAFE, throw by CF to home
|
Batting: RHB Tacito Carreiro
|
0-0: Foul Ball, location: 2F 0-1: Foul Ball, location: 2F 0-2: SINGLE (Groundball, 6MD, EV 96.9 MPH) George Wagner to third Runner from 3rd tries for Home, SAFE, throw by CF to home
|
Batting: RHB Aaron Stout
|
0-0: Ball 1-0: Called Strike 1-1: Ball 2-1: Swinging Strike 2-2: Ball 3-2: Foul Ball, location: 2F 3-2: Strikes out swinging
|
Batting: LHB Sergei Stefanov
|
0-0: Foul Ball, location: 2F 0-1: Foul Ball, location: 2F 0-2: Strikes out swinging
|
Top of the 5th over - 2 runs, 3 hits, 0 errors, 1 left on base; Canton 2 - New Jersey 0 |
BOTTOM OF THE 5TH |
New Jersey Devils batting - Pitching for Canton Indians : LHP Enrique Espinoza
|
Batting: SHB Ernesto Mazas
|
0-0: Ball 1-0: Ball 2-0: Ball 3-0: Called Strike 3-1: Foul Ball, location: 2F 3-2: Foul Ball, location: 2F 3-2: Foul Ball, location: 2F 3-2: Foul Ball, location: 2F 3-2: Strikes out swinging
|
Batting: RHB Oscar Ramirez
|
0-0: Ball 1-0: Ball 2-0: Foul Ball, location: 2F 2-1: Foul Ball, location: 2F 2-2: Ball 3-2: Base on Balls
|
Batting: RHB Carlos Saldivar
|
0-0: DOUBLE (Groundball, 5L, EV 109.4 MPH) Oscar Ramirez to third
|
Batting: SHB Tyler Maddux
|
0-0: Foul Ball, location: 2F 0-1: Called Strike 0-2: Ball 1-2: Ball 2-2: Ball 3-2: Fly out, F9 (Flyball, 89S, EV 91.9 MPH)
|
Batting: RHB Bill Crogan
|
0-0: Ball 1-0: Ball Wild Pitch! Oscar Ramirez scores Carlos Saldivar to third 2-0: Foul Ball, location: 2F 2-1: Foul Ball, location: 2F 2-2: Ground out 3-1 (Groundball, 34, EV 80.6 MPH)
|
Bottom of the 5th over - 1 run, 1 hit, 0 errors, 1 left on base; Canton 2 - New Jersey 1 |
TOP OF THE 6TH |
Canton Indians batting - Pitching for New Jersey Devils : RHP Dan Mathews
|
Batting: RHB Leo Villa
|
0-0: Foul Ball, location: 2F 0-1: Ball 1-1: Foul Ball, location: 2F 1-2: Foul Ball, location: 2F 1-2: Foul Ball, location: 2F 1-2: Strikes out swinging
|
Pitching: RHP Justin Vallis
|
|
Batting: SHB Luis de Leon
|
0-0: Ball 1-0: Called Strike 1-1: Swinging Strike 1-2: Strikes out swinging
|
Batting: RHB Patrick Pinault
|
0-0: Ball 1-0: Called Strike 1-1: Foul Ball, location: 2F 1-2: Strikes out swinging
|
Top of the 6th over - 0 runs, 0 hits, 0 errors, 0 left on base; Canton 2 - New Jersey 1 |
BOTTOM OF THE 6TH |
New Jersey Devils batting - Pitching for Canton Indians : LHP Enrique Espinoza
|
Batting: RHB Chris Artz
|
0-0: Ball 1-0: Called Strike 1-1: SINGLE (Groundball, 56, EV 95.0 MPH)
|
Batting: RHB Jim Freels
|
0-0: Ball Chris Artz is caught stealing 2nd base 2-4 1-0: Foul Ball, location: 2F 1-1: Ball 2-1: Foul Ball, location: 2F 2-2: Ball 3-2: Foul Ball, location: 2F 3-2: Ground out 6-3 (Groundball, 56D, EV 94.4 MPH)
|
Batting: RHB Craig Alvarado
|
0-0: Ball 1-0: Called Strike 1-1: Foul Ball, location: 2F 1-2: Ball 2-2: Foul Ball, location: 7LSF, Error on foul ball, E7 2-2: Fly out, F5 (Popup, 25F, EV 88.8 MPH)
|
Bottom of the 6th over - 0 runs, 1 hit, 1 error, 0 left on base; Canton 2 - New Jersey 1 |
TOP OF THE 7TH |
Canton Indians batting - Pitching for New Jersey Devils : RHP Justin Vallis
|
Batting: RHB Russ Kennett
|
0-0: Ball 1-0: Fly out, F9 (Flyball, 9, EV 88.8 MPH)
|
Batting: RHB Tony Gonzales
|
0-0: Fly out, F9 (Flyball, 9D, EV 75.0 MPH)
|
Batting: RHB George Wagner
|
0-0: Ground out 5-3 (Groundball, 5S, EV 63.1 MPH)
|
Top of the 7th over - 0 runs, 0 hits, 0 errors, 0 left on base; Canton 2 - New Jersey 1 |
BOTTOM OF THE 7TH |
New Jersey Devils batting - Pitching for Canton Indians : LHP Enrique Espinoza
|
Pitching: RHP Mario Garza
|
|
Now in RF: Juan Ordonez
|
|
Pinch Hitting: RHB Eric Zylstra
|
0-0: Ball 1-0: Ball 2-0: Ball 3-0: Foul Ball, location: 2F 3-1: Base on Balls
|
Batting: SHB Ernesto Mazas
|
0-0: Ball 1-0: TRIPLE (Flyball, 9LD, EV 112.5 MPH) Eric Zylstra scores
|
Pinch Hitting: SHB Alex Cavazos
|
0-0: Intentional Walk
|
Batting: RHB Carlos Saldivar
|
0-0: Ball 1-0: Ground out U3 (Groundball, 3S, EV 86.9 MPH) Alex Cavazos to second
|
Batting: SHB Tyler Maddux
|
0-0: Intentional Walk
|
Batting: RHB Bill Crogan
|
0-0: Called Strike 0-1: Called Strike 0-2: Strikes out looking
|
Batting: RHB Chris Artz
|
0-0: Called Strike 0-1: Ball 1-1: Swinging Strike 1-2: Strikes out swinging
|
Bottom of the 7th over - 1 run, 1 hit, 0 errors, 3 left on base; Canton 2 - New Jersey 2 |
TOP OF THE 8TH |
Canton Indians batting - Pitching for New Jersey Devils : RHP Justin Vallis
|
Now at 2B: Eric Zylstra
|
|
Now at SS: Craig Alvarado
|
|
Now in LF: Randolph Brodbeck
|
|
Now in CF: Ernesto Mazas
|
|
Batting: RHB Tacito Carreiro
|
0-0: Called Strike 0-1: Ball 1-1: Foul Ball, location: 2F 1-2: Foul Ball, location: 2F 1-2: Foul Ball, location: 2F 1-2: Foul Ball, location: 2F 1-2: Ball 2-2: Ball 3-2: Foul Ball, location: 2F 3-2: Strikes out looking
|
Batting: RHB Aaron Stout
|
0-0: Ball 1-0: Ball 2-0: Foul Ball, location: 2F 2-1: SOLO HOME RUN (Flyball, 7D, EV 97.5 MPH), Distance : 363 ft
|
Batting: LHB Sergei Stefanov
|
0-0: Ball 1-0: Ball 2-0: Fly out, F8 (Flyball, 78XD, EV 87.5 MPH)
|
Batting: RHB Leo Villa
|
0-0: Foul Ball, location: 2F 0-1: Called Strike 0-2: Foul Ball, location: 2F 0-2: Ball 1-2: Strikes out swinging
|
Top of the 8th over - 1 run, 1 hit, 0 errors, 0 left on base; Canton 3 - New Jersey 2 |
BOTTOM OF THE 8TH |
New Jersey Devils batting - Pitching for Canton Indians : RHP Mario Garza
|
Now in LF: Juan Ordonez
|
|
Now in RF: Xavier Bartolani
|
|
Batting: RHB Jim Freels
|
0-0: Foul Ball, location: 2F 0-1: Foul Ball, location: 2F 0-2: Foul Ball, location: 2F 0-2: Fly out, F7 (Flyball, 78M, EV 90.6 MPH)
|
Pinch Hitting: RHB Chris Graham
|
0-0: Swinging Strike 0-1: Called Strike 0-2: Ball 1-2: Strikes out swinging
|
Batting: RHB Eric Zylstra
|
0-0: Ball 1-0: Swinging Strike 1-1: Swinging Strike 1-2: Ball 2-2: Strikes out swinging
|
Bottom of the 8th over - 0 runs, 0 hits, 0 errors, 0 left on base; Canton 3 - New Jersey 2 |
TOP OF THE 9TH |
Canton Indians batting - Pitching for New Jersey Devils : RHP Justin Vallis
|
Now at SS: Chris Graham
|
|
Pinch Hitting: RHB Justin Teague
|
0-0: Ball 1-0: Ball 2-0: Called Strike 2-1: Foul Ball, location: 2F 2-2: Ball 3-2: Foul Ball, location: 2F 3-2: Foul Ball, location: 2F 3-2: Foul Ball, location: 2F 3-2: Foul Ball, location: 2F 3-2: SOLO HOME RUN (Flyball, 7LD, EV 93.8 MPH), Distance : 335 ft
|
Batting: RHB Patrick Pinault
|
0-0: Called Strike 0-1: Swinging Strike 0-2: Strikes out swinging
|
Batting: RHB Juan Ordonez
|
0-0: Ball 1-0: Bunt missed! 1-1: Called Strike 1-2: Ball 2-2: Strikes out swinging
|
Batting: RHB Tony Gonzales
|
0-0: Ball 1-0: Foul Ball, location: 2F 1-1: Foul Ball, location: 2F 1-2: Fly out, F9 (Line Drive, 9S, EV 104.4 MPH)
|
Top of the 9th over - 1 run, 1 hit, 0 errors, 0 left on base; Canton 4 - New Jersey 2 |
BOTTOM OF THE 9TH |
New Jersey Devils batting - Pitching for Canton Indians : RHP Mario Garza
|
Pitching: RHP Chris Gomez
|
|
Now at 1B: Leo Candelas
|
|
Pinch Hitting: RHB John Carpenter
|
0-0: DOUBLE (Line Drive, 78XD, EV 104.4 MPH)
|
Batting: LHB Randolph Brodbeck
|
0-0: Foul Ball, location: 2F 0-1: Swinging Strike 0-2: Strikes out swinging
|
Pinch Hitting: RHB Brian Bonin
|
0-0: Swinging Strike 0-1: Swinging Strike 0-2: Strikes out swinging
|
Batting: SHB Tyler Maddux
|
0-0: Ball 1-0: Called Strike 1-1: Foul Ball, location: 2F 1-2: Fly out, F7 (Flyball, 7S, EV 82.5 MPH)
|
Bottom of the 9th over - 0 runs, 1 hit, 0 errors, 1 left on base; Canton 4 - New Jersey 2 |
|